 Dungeon Crawl Stone Soup version 0.31-a0-1098-g6898e6545c (webtiles) character file.

Game seed: 1490081374900415014

704 Dirtsage the Changeling (level 7, -9/47 HPs)
             Began as an Octopode Shapeshifter on Nov 30, 2023.
             Was an Initiate of Gozag.
             Mangled by a gnoll bouda
             ... wielding a +0 club
              (10 damage)
             ... on level 5 of the Dungeon.
             The game lasted 00:05:35 (4120 turns).

Dirtsage the Changeling (Octopode Shapeshifter)     Turns: 4120, Time: 00:05:36

Health: -9/47      AC:  1    Str: 13    XL:     7   Next: 66%
Magic:  25/25      EV: 13    Int: 13    God:    Gozag
Gold:   280        SH:  0    Dex: 13    Spells: 3/6 levels left

rFire   . .          .
                       - Unarmed
rCold   . . .        (no shield)
rNeg    . . .        (helmet currently unavailable)
rPois   .            (no amulet)
rElec   .            k - ring of magical power
rCorr   +            C - ring of resist corrosion
SInv    .            l - ring of magical power
Will    .....        (no ring)
Stlth   ++           (no ring)
HPRegen 0.27/turn    (no ring)
MPRegen 0.19/turn    (no ring)
                     (no ring)

%: no passive effects
@: beast-form, weakened, gold aura
A: beast (slay +3), almost no armour, amphibious, 8 rings, camouflage 1,
gelatinous body 1, (nimble swimmer 1), tentacles
a: Begin Untransformation, Renounce Religion, Potion Petition, Call Merchant,
Bribe Branch


You were on level 5 of the Dungeon.
You worshipped Gozag.
Gozag was aware of your devotion.
You were a hulking beast.
You visited 2 branches of the dungeon, and saw 7 of its levels.

You collected 382 gold pieces.
You spent 39 gold pieces at shops.
You paid 63 gold pieces to Gozag.

Inventory:

Missiles
 s - 2 throwing nets
Magical Staves
 m - a staff of conjuration
Jewellery
 k - a ring of magical power (left tentacle)
 l - a ring of magical power (on tentacle)
 C - a ring of resist corrosion (right tentacle)
Talismans
 b - a beast talisman
 c - a flux talisman
 e - a blade talisman
Wands
 f - a wand of roots (8)
Scrolls
 g - 2 scrolls of fear
 h - 3 scrolls of noise
 i - 2 scrolls of identify
 t - 2 scrolls of teleportation
 B - 2 scrolls of blinking
Potions
 a - a potion of lignification
 d - a potion of might
 j - a potion of cancellation {unknown}
 n - a potion of ambrosia {unknown}
 o - a potion of haste {unknown}
 p - 2 potions of heal wounds {unknown}
 q - a potion of curing
 r - a potion of brilliance {unknown}
 u - a potion of attraction {unknown}
 v - a potion of enlightenment {unknown}


   Skills:
 + Level 3.9 Fighting
 - Level 2.0 Dodging
 + Level 4.8 Unarmed Combat
 * Level 1.9 Ice Magic
 * Level 5.9 Shapeshifting


You had 3 spell levels left.
You knew the following spells:

 Your Spells              Type           Power      Damage    Failure   Level
b - Frozen Ramparts       Ice            8%         1d2       38%         3

Your spell library contained the following spells:

 Spells                   Type           Power      Damage    Failure   Level
 Freeze                   Ice            16%        1d4       14%         1
 Hailstorm                Conj/Ice       2%         3d3       54%         3


Dungeon Overview and Level Annotations

Branches:
Dungeon (6/15)             Temple (1/1) D:4

Altars:
Cheibriados
Dithmenos
Elyvilon
Fedhas
Gozag
Hepliaklqana
Kikubaaqudgha
Nemelex Xobeh
Okawaru
Qazlal
Ru
Sif Muna
Trog
Uskayaw
Vehumet
Wu Jian
Xom
Yredelemnul
Zin

Shops:
D:3 (*


Innate Abilities, Weirdness & Mutations

You are a hulking beast.
Your limbs bulge with bestial killing power. (Slay +3)
You cannot wear most types of armour.
You are amphibious.
You can wear up to eight rings at the same time.
Your skin changes colour to match your surroundings (Stealth+).
Your rubbery body absorbs attacks. (AC +1, EV +1)
((You are camouflaged when in or above water. (Stealth+)))
You have tentacles for arms and can constrict up to eight enemies at once.


Message History

The gnoll hits you with a +0 flail.
You take 4 damage, and have 43/47 hp.
The gnoll barely misses you.
The gnoll bouda hits you with a +0 club!
You climb upwards.
There is a stone staircase leading down here.
You take 8 damage, and have 35/47 hp.
You bludgeon the gnoll! Your grab misses the gnoll.
The gnoll is almost dead.
The gnoll bouda hits you with a +0 club!
The gnoll misses you.
You take 9 damage, and have 26/47 hp.
You tentacle-slap the gnoll bouda. Your grab misses the gnoll bouda.
The gnoll bouda is lightly wounded.
You closely miss the gnoll. You grab the gnoll.
The gnoll is almost dead.
You constrict the gnoll, but do no damage.
The gnoll bouda hits you with a +0 club!
The gnoll hits you with a +0 flail!
* * * LOW HITPOINT WARNING * * *
You take 19 damage, and have 7/47 hp.
MASSIVE DAMAGE!!
You tentacle-slap the gnoll.
The gnoll is almost dead.
You constrict the gnoll.
You kill the gnoll!
The gnoll bouda hits you with a +0 club.
* * * LOW HITPOINT WARNING * * *
You take 6 damage, and have 1/47 hp.
You feel better.
The gnoll bouda gazes fiercely through you!
You feel your attacks grow feeble.
The gnoll bouda hits you with a +0 club.
* * * LOW HITPOINT WARNING * * *
Okay, then.
You tentacle-slap the gnoll bouda. Your grab misses the gnoll bouda.
Your squeeze misses the gnoll bouda.
The gnoll bouda is moderately wounded.
The gnoll bouda hits you with a +0 club!
You die...
Your body crumbles into a pile of gold.

#......# #......#
#..>...#
#......########
#......##.....# ###
###....##.....# #..
#....##.....# #.<
#####....##.....###..
#...h$...##.......+..
#..g............###..
#........#.####.# #..
#......###.## #.# #..
#..[........# #.###..
#.....####..# #[.....
####### #..# #..####
#..# #..##.. #..#
#..##.#


You could see a gnoll bouda.

Vanquished Creatures
  An ice beast (D:5)
  2 phantoms
  A bullfrog (D:5)
  6 hounds
  An orc priest (D:4)
  An orc wizard (D:4)
  A gnoll (D:5)
  8 adders
  3 worms
  4 dart slugs
  4 orcs
  9 endoplasms
  4 giant cockroaches
  2 goblins (D:1)
  4 hobgoblins
  2 kobolds
  7 quokkas
  6 ball pythons
  4 bats
  A frilled lizard (D:1)
  4 rats
75 creatures vanquished.

Notes
Turn   | Place    | Note
-------+----------+-------------------------------------------
     0 | D:1      | Dirtsage the Octopode Shapeshifter began the quest for the
                  | Orb.
     0 | D:1      | Reached XP level 1. HP: 13/13 MP: 1/1
   294 | D:1      | Reached XP level 2. HP: 18/18 MP: 2/2
   605 | D:1      | Reached XP level 3. HP: 15/23 MP: 3/3
  1062 | D:2      | Reached XP level 4. HP: 18/29 MP: 4/4
  1214 | D:2      | Reached skill level 4 in Shapeshifting
  1761 | D:3      | Found a basalt altar of Yredelemnul.
  1931 | D:3      | Found Nukhiq's General Store.
  1939 | D:3      | Bought a potion of curing for 39 gold pieces
  2176 | D:3      | Found Naconi's Antique Weapon Emporium.
  2263 | D:4      | Reached XP level 5. HP: 22/35 MP: 5/5
  2543 | D:4      | Found a staircase to the Ecumenical Temple.
  2547 | D:4      | Noticed a phantom
  2550 | Temple   | Entered the Ecumenical Temple
  2557 | Temple   | Became a worshipper of Gozag Ym Sagoz the Greedy
  2571 | D:4      | Killed a phantom
  2572 | D:4      | Reached XP level 6. HP: 18/41 MP: 6/6
  2815 | D:4      | Reached skill level 5 in Shapeshifting
  3094 | D:5      | Entered Level 5 of the Dungeon
  3252 | D:5      | Reached XP level 7. HP: 30/46 MP: 7/7
  3259 | D:5      | Learned a level 3 spell: Frozen Ramparts
  3411 | D:5      | Reached skill level 1 in Ice Magic
  4118 | D:5      | HP: 1/47 [gnoll bouda/+0 club (6)]
  4120 | D:5      | Mangled by a gnoll bouda

Illustrated notes

Levels and vault maps discovered:
D:1:      dpeg_arrival_rooms_c, layout_basic, nicolae_figureground_sparkle
D:2:      minmay_evil_eye, layout_rooms
D:3:      layout_loops_ring, pf_just_have_faith, serial_shops,
          nicolae_lakefront_shop, shop
D:4:      layout_cave_pools, minmay_temple_entry_gardened_gates, serial_park,
          serial_park_avenue1, serial_park_tiny_1, serial_park_tiny_1,
          grunt_decor_junction
D:5:      layout_basic
D:6:      layout_rooms, hellmonk_ghost_happy_afterlife,
          minmay_misc_feat_secret_circle, uniq_sigmund
Temple:   nicolae_temple_no_exploring_needed

Skill      XL: |  1  2  3  4  5  6  7 |
---------------+----------------------+-----
Fighting       | 2 3 |  3.9
Shapeshifting  | 4 5 |  5.9
Unarmed Combat | 4 |  4.8
Ice Magic      | 1 |  1.9
Dodging        | |  2.0

Action                     |  1- 3 |  4- 6 |  7- 9 || total
---------------------------+-------+-------+-------++-------
  Melee: Unarmed           |    58 |    83 |    33 ||   174
         Tentacles         |     9 |    21 |     6 ||    36
         Constrict         |    15 |    19 |     7 ||    41
         Punch             |       |     1 |     1 ||     2
    Use: Scroll            |       |    11 |       ||    11
         Potion            |       |       |     1 ||     1
   Stab: Sleeping          |     5 |     6 |     3 ||    14
 Armour: Skin              |    27 |    40 |    21 ||    88
  Dodge: Dodged            |    22 |    36 |    15 ||    73

Table legend: (Time is in decaauts)
 A = Elapsed time spent in this place.
 B = Non-inter-level travel time spent in this place.
 C = Inter-level travel time spent in this place.
 D = Time resting spent in this place.
 E = Time spent auto-exploring this place.
 F = Levels seen in this place.
 G = Mean time per level.
                   A        B        C        D        E       F      G
               +--------+--------+--------+--------+--------+-----+--------+
         Total |   4106 |   3950 |    156 |    106 |   3270 |   7 |  586.6 |
       Dungeon |   4091 |   3941 |    150 |    106 |   3270 |   6 |  681.8 |
        Temple |     14 |      8 |      6 |      0 |      0 |   1 |   14.0 |
               +--------+--------+--------+--------+--------+-----+--------+

Top non-repeatable levels by time:
     D:3: 887 daAuts
     D:5: 880 daAuts
     D:4: 863 daAuts
     D:1: 847 daAuts
     D:2: 546 daAuts
     D:6: 66 daAuts
  Temple: 14 daAuts
